TOP OF THE 1ST |
Detroit Renaissance batting - Pitching for New Amsterdam Republics : RHP Pedro Castro
|
Pitching: RHP Pedro Castro
|
|
Batting: RHB Kyle Bywaters
|
0-0: Ball 1-0: Ball 2-0: Ball 3-0: Called Strike 3-1: Base on Balls
|
Batting: RHB Bernardo Herrera
|
0-0: Ball 1-0: Ball 2-0: Foul Ball, location: 2F 2-1: Ball 3-1: Swinging Strike 3-2: Grounds into double play, 5-4-3 (Groundball, 56)
|
Batting: LHB Mike Silver
|
0-0: Ball 1-0: Ball 2-0: Ball 3-0: Base on Balls
|
Batting: LHB Juan González
|
0-0: Called Strike 0-1: Ball Wild Pitch! Mike Silver to second 1-1: Foul Ball, location: 2F 1-2: Foul Ball, location: 2F 1-2: Ball 2-2: Ground out 4-3 (Groundball, 34)
|
Top of the 1st over - 0 run(s), 0 hit(s), 0 error(s), 1 left on base; Detroit 0 - New Amsterdam 0 |
BOTTOM OF THE 1ST |
New Amsterdam Republics batting - Pitching for Detroit Renaissance : LHP Lorenzo Sánchez
|
Pitching: LHP Lorenzo Sánchez
|
|
Batting: RHB Alfredo Suárez
|
0-0: Foul Ball, location: 2F 0-1: Foul Ball, location: 2F 0-2: Ball 1-2: Ball 2-2: Foul Ball, location: 2F 2-2: Strikes out swinging
|
Batting: RHB Ed Anderson
|
0-0: Ball 1-0: Foul Ball, location: 2F 1-1: Foul Ball, location: 2F 1-2: Foul Ball, location: 2F 1-2: Fly out, F8 (Line Drive, 8LD)
|
Batting: RHB Hank Wilder
|
0-0: SINGLE (Groundball, 6M)
|
Batting: RHB António Pérez
|
0-0: Swinging Strike Balk! Hank Wilder to second 0-1: DOUBLE (Line Drive, 78D) Hank Wilder scores
|
Batting: RHB Quincy van Enk
|
0-0: Called Strike 0-1: Ball 1-1: Ball 2-1: Ground out 5-3 (Groundball, 5)
|
Bottom of the 1st over - 1 run(s), 2 hit(s), 0 error(s), 1 left on base; Detroit 0 - New Amsterdam 1 |
TOP OF THE 2ND |
Detroit Renaissance batting - Pitching for New Amsterdam Republics : RHP Pedro Castro
|
Batting: LHB Michael Neely
|
0-0: Swinging Strike 0-1: Ball 1-1: Called Strike 1-2: Foul Ball, location: 2F 1-2: Ball 2-2: SOLO HOME RUN (Flyball, 89XD), Distance : 431 ft
|
Batting: LHB Gregory Johnson
|
0-0: Called Strike 0-1: Ball 1-1: SINGLE (Line Drive, 9LS)
|
Batting: LHB Gustavo Cortéz
|
0-0: Fly out, F4 (Popup, 4MD)
|
Batting: LHB Tim Waters
|
0-0: Ball 1-0: Called Strike 1-1: Foul Ball, location: 2F 1-2: Ball 2-2: SINGLE (Line Drive, 7S) Gregory Johnson to second
|
Batting: LHB Greg Robinson
|
0-0: Foul Ball, location: 2F 0-1: Ground out 3-1 (Groundball, 34) Gregory Johnson to third Tim Waters to second
|
Batting: RHB Kyle Bywaters
|
0-0: Ball 1-0: Called Strike 1-1: Ball 2-1: Fly out, F3 (Popup, 3F)
|
Top of the 2nd over - 1 run(s), 3 hit(s), 0 error(s), 2 left on base; Detroit 1 - New Amsterdam 1 |
BOTTOM OF THE 2ND |
New Amsterdam Republics batting - Pitching for Detroit Renaissance : LHP Lorenzo Sánchez
|
Batting: LHB Eric Ward
|
0-0: Ball 1-0: Foul Ball, location: 2F 1-1: Ball 2-1: Foul Ball, location: 2F 2-2: Foul Ball, location: 2F 2-2: Foul Ball, location: 2F 2-2: Ball 3-2: Ground out 4-3 (Groundball, 4)
|
Batting: RHB Tim Robinson
|
0-0: Called Strike 0-1: Foul Ball, location: 2F 0-2: Strikes out swinging
|
Batting: LHB Steve Ingram
|
0-0: Called Strike 0-1: Foul Ball, location: 2F 0-2: Strikes out looking
|
Bottom of the 2nd over - 0 run(s), 0 hit(s), 0 error(s), 0 left on base; Detroit 1 - New Amsterdam 1 |
TOP OF THE 3RD |
Detroit Renaissance batting - Pitching for New Amsterdam Republics : RHP Pedro Castro
|
Batting: RHB Bernardo Herrera
|
0-0: Called Strike 0-1: Foul Ball, location: 2F 0-2: Strikes out swinging
|
Batting: LHB Mike Silver
|
0-0: Foul Ball, location: 2F 0-1: Foul Ball, location: 2F 0-2: Ball 1-2: Ball 2-2: Strikes out swinging
|
Batting: LHB Juan González
|
0-0: Called Strike 0-1: Called Strike 0-2: Strikes out swinging
|
Top of the 3rd over - 0 run(s), 0 hit(s), 0 error(s), 0 left on base; Detroit 1 - New Amsterdam 1 |
BOTTOM OF THE 3RD |
New Amsterdam Republics batting - Pitching for Detroit Renaissance : LHP Lorenzo Sánchez
|
Batting: RHB Arturo Morales
|
0-0: Called Strike 0-1: Ball 1-1: Ball 2-1: Foul Ball, location: 2F 2-2: Fly out, F7 (Flyball, 78S)
|
Batting: RHB Alfredo Suárez
|
0-0: Ball 1-0: Called Strike 1-1: Ball 2-1: Ball 3-1: Swinging Strike 3-2: Base on Balls
|
Batting: RHB Ed Anderson
|
0-0: Ball 1-0: Swinging Strike 1-1: Called Strike 1-2: Ground out 6-3 (Groundball, 6M) Alfredo Suárez to second
|
Batting: RHB Hank Wilder
|
0-0: Swinging Strike 0-1: Called Strike 0-2: Ball 1-2: Ground out 5-3 (Groundball, 5)
|
Bottom of the 3rd over - 0 run(s), 0 hit(s), 0 error(s), 1 left on base; Detroit 1 - New Amsterdam 1 |
TOP OF THE 4TH |
Detroit Renaissance batting - Pitching for New Amsterdam Republics : RHP Pedro Castro
|
Batting: LHB Michael Neely
|
0-0: Ball 1-0: Swinging Strike 1-1: Called Strike 1-2: Ball 2-2: Foul Ball, location: 2F 2-2: Ball 3-2: Foul Ball, location: 2F 3-2: Ground out U3 (Groundball, 3L)
|
Batting: LHB Gregory Johnson
|
0-0: Ball 1-0: Called Strike 1-1: SINGLE (Line Drive, 34D)
|
Batting: LHB Gustavo Cortéz
|
0-0: Called Strike 0-1: Ball 1-1: Ball 2-1: Ball 3-1: Called Strike 3-2: Strikes out looking
|
Batting: LHB Tim Waters
|
0-0: Ball 1-0: Ball 2-0: Ball 3-0: Called Strike 3-1: Base on Balls Gregory Johnson to second
|
Batting: LHB Greg Robinson
|
0-0: Ball 1-0: Foul Ball, location: 2F 1-1: Foul Ball, location: 2F 1-2: Foul Ball, location: 2F 1-2: Ball 2-2: Ball 3-2: Foul Ball, location: 2F 3-2: Fly out, F9 (Flyball, 9D)
|
Top of the 4th over - 0 run(s), 1 hit(s), 0 error(s), 2 left on base; Detroit 1 - New Amsterdam 1 |
BOTTOM OF THE 4TH |
New Amsterdam Republics batting - Pitching for Detroit Renaissance : LHP Lorenzo Sánchez
|
Batting: RHB António Pérez
|
0-0: Called Strike 0-1: Ball 1-1: Called Strike 1-2: Foul Ball, location: 2F 1-2: Ball 2-2: Strikes out swinging
|
Batting: RHB Quincy van Enk
|
0-0: Swinging Strike 0-1: Foul Ball, location: 2F 0-2: Ball 1-2: SINGLE (Line Drive, 6D)
|
Batting: LHB Eric Ward
|
0-0: Called Strike 0-1: Called Strike 0-2: Ball 1-2: Fielders Choice at 2nd, 1-6 (Groundball, 25)
|
Batting: RHB Tim Robinson
|
0-0: Called Strike 0-1: Called Strike 0-2: Foul Ball, location: 2F 0-2: Ball 1-2: Ball 2-2: Foul Ball, location: 2F 2-2: Ball 3-2: Ground out 6-3 (Groundball, 6)
|
Bottom of the 4th over - 0 run(s), 1 hit(s), 0 error(s), 1 left on base; Detroit 1 - New Amsterdam 1 |
TOP OF THE 5TH |
Detroit Renaissance batting - Pitching for New Amsterdam Republics : RHP Pedro Castro
|
Batting: RHB Kyle Bywaters
|
0-0: Called Strike 0-1: Swinging Strike 0-2: Strikes out looking
|
Batting: RHB Bernardo Herrera
|
0-0: Called Strike 0-1: Ball 1-1: Ground out 4-3 (Groundball, 4)
|
Batting: LHB Mike Silver
|
0-0: Hit by Pitch
|
Batting: LHB Juan González
|
0-0: Ball Mike Silver steals 2nd base 1-0: Ball 2-0: Called Strike 2-1: Foul Ball, location: 2F 2-2: Ball 3-2: Ground out 3-1 (Groundball, 3L)
|
Top of the 5th over - 0 run(s), 0 hit(s), 0 error(s), 1 left on base; Detroit 1 - New Amsterdam 1 |
BOTTOM OF THE 5TH |
New Amsterdam Republics batting - Pitching for Detroit Renaissance : LHP Lorenzo Sánchez
|
Batting: LHB Steve Ingram
|
0-0: Fly out, F9 (Flyball, 89D)
|
Batting: RHB Arturo Morales
|
0-0: Ball 1-0: Ball 2-0: Ball 3-0: Base on Balls
|
Batting: RHB Alfredo Suárez
|
0-0: Called Strike 0-1: Ball 1-1: Foul Ball, location: 2F 1-2: Strikes out looking
|
Batting: RHB Ed Anderson
|
0-0: Foul Ball, location: 2F 0-1: Ground out 5-3 (Groundball, 5)
|
Bottom of the 5th over - 0 run(s), 0 hit(s), 0 error(s), 1 left on base; Detroit 1 - New Amsterdam 1 |
TOP OF THE 6TH |
Detroit Renaissance batting - Pitching for New Amsterdam Republics : RHP Pedro Castro
|
Batting: LHB Michael Neely
|
0-0: Ground out 1-3 (Groundball, 15S)
|
Batting: LHB Gregory Johnson
|
0-0: Called Strike 0-1: Called Strike 0-2: Ground out 4-3 (Groundball, 4)
|
Batting: LHB Gustavo Cortéz
|
0-0: Ball 1-0: Ball 2-0: Foul Ball, location: 2F 2-1: Foul Ball, location: 2F 2-2: Foul Ball, location: 2F 2-2: DOUBLE (Line Drive, 3L) - OUT at third base trying to stretch hit.
|
Top of the 6th over - 0 run(s), 1 hit(s), 0 error(s), 0 left on base; Detroit 1 - New Amsterdam 1 |
BOTTOM OF THE 6TH |
New Amsterdam Republics batting - Pitching for Detroit Renaissance : LHP Lorenzo Sánchez
|
Batting: RHB Hank Wilder
|
0-0: Swinging Strike 0-1: Called Strike 0-2: Ball 1-2: DOUBLE (Flyball, 89XD)
|
Batting: RHB António Pérez
|
0-0: Ground out 6-3 (Groundball, 6)
|
Batting: RHB Quincy van Enk
|
0-0: Called Strike 0-1: Ground out 4-3 (Groundball, 4S) Hank Wilder to third
|
Batting: LHB Eric Ward
|
0-0: Ball 1-0: Called Strike 1-1: Foul Ball, location: 2F 1-2: Strikes out swinging
|
Bottom of the 6th over - 0 run(s), 1 hit(s), 0 error(s), 1 left on base; Detroit 1 - New Amsterdam 1 |
TOP OF THE 7TH |
Detroit Renaissance batting - Pitching for New Amsterdam Republics : RHP Pedro Castro
|
Batting: LHB Tim Waters
|
0-0: Called Strike 0-1: Called Strike 0-2: Ball 1-2: Ball 2-2: Ball 3-2: Foul Ball, location: 2F 3-2: Base on Balls
|
Pitching: LHP Frenk Norman
|
|
Batting: LHB Greg Robinson
|
0-0: Sac Bunt - play at first, batter OUT! 5-4 Tim Waters to second
|
Batting: RHB Kyle Bywaters
|
0-0: Fly out, F8 (Line Drive, 8LS)
|
Batting: RHB Bernardo Herrera
|
0-0: Ball 1-0: Called Strike 1-1: Foul Ball, location: 2F 1-2: SINGLE (Flyball, 89S) Tim Waters to third Runner from 3rd tries for Home, SAFE, no throw or cutoff
|
Batting: LHB Mike Silver
|
0-0: Ball 1-0: Called Strike 1-1: Ball 2-1: Called Strike 2-2: Foul Ball, location: 2F 2-2: Fly out, F7 (Flyball, 7S)
|
Top of the 7th over - 1 run(s), 1 hit(s), 0 error(s), 1 left on base; Detroit 2 - New Amsterdam 1 |
BOTTOM OF THE 7TH |
New Amsterdam Republics batting - Pitching for Detroit Renaissance : LHP Lorenzo Sánchez
|
Batting: RHB Tim Robinson
|
0-0: Called Strike 0-1: Ball 1-1: Called Strike 1-2: Ground out 4-3 (Groundball, 4)
|
Batting: LHB Steve Ingram
|
0-0: Ball 1-0: Called Strike 1-1: Ball 2-1: Ball 3-1: Foul Ball, location: 2F 3-2: Foul Ball, location: 2F 3-2: DOUBLE (Flyball, 78XD)
|
Batting: RHB Arturo Morales
|
0-0: 2-RUN HOME RUN (Line Drive, 7D), Distance : 396 ft
|
Batting: RHB Alfredo Suárez
|
0-0: Ball 1-0: SOLO HOME RUN (Line Drive, 7LD), Distance : 359 ft
|
Batting: RHB Ed Anderson
|
0-0: Called Strike 0-1: Ball 1-1: Foul Ball, location: 2F 1-2: Strikes out looking
|
Batting: RHB Hank Wilder
|
0-0: Called Strike 0-1: Ball 1-1: Ball 2-1: Swinging Strike 2-2: Foul Ball, location: 2F 2-2: Strikes out swinging
|
Bottom of the 7th over - 3 run(s), 3 hit(s), 0 error(s), 0 left on base; Detroit 2 - New Amsterdam 4 |
TOP OF THE 8TH |
Detroit Renaissance batting - Pitching for New Amsterdam Republics : LHP Frenk Norman
|
Batting: LHB Juan González
|
0-0: Ball 1-0: Called Strike 1-1: Called Strike 1-2: Strikes out looking
|
Batting: LHB Michael Neely
|
0-0: Ball 1-0: Called Strike 1-1: Foul Ball, location: 2F 1-2: Foul Ball, location: 2F 1-2: Ball 2-2: Ball 3-2: SINGLE (Line Drive, 4)
|
Batting: LHB Gregory Johnson
|
0-0: Ball 1-0: Ball 2-0: Foul Ball, location: 2F 2-1: Grounds into double play, 4-6-3 (Groundball, 4)
|
Top of the 8th over - 0 run(s), 1 hit(s), 0 error(s), 0 left on base; Detroit 2 - New Amsterdam 4 |
BOTTOM OF THE 8TH |
New Amsterdam Republics batting - Pitching for Detroit Renaissance : LHP Lorenzo Sánchez
|
Batting: RHB António Pérez
|
0-0: Ball 1-0: Swinging Strike 1-1: Called Strike 1-2: Ball 2-2: Foul Ball, location: 2F 2-2: Foul Ball, location: 2F 2-2: Foul Ball, location: 2F 2-2: Ball 3-2: Foul Ball, location: 2F 3-2: Strikes out looking
|
Pitching: RHP Rafael García
|
|
Batting: RHB Quincy van Enk
|
0-0: Ball 1-0: Fly out, F8 (Line Drive, 8LS)
|
Batting: LHB Eric Ward
|
0-0: Ball 1-0: Foul Ball, location: 2F 1-1: Fly out, F8 (Flyball, 8LD)
|
Bottom of the 8th over - 0 run(s), 0 hit(s), 0 error(s), 0 left on base; Detroit 2 - New Amsterdam 4 |
TOP OF THE 9TH |
Detroit Renaissance batting - Pitching for New Amsterdam Republics : LHP Frenk Norman
|
Pitching: RHP Gavin Blackburn
|
|
Batting: LHB Gustavo Cortéz
|
0-0: Called Strike 0-1: Called Strike 0-2: Foul Ball, location: 2F 0-2: Strikes out swinging
|
Batting: LHB Tim Waters
|
0-0: Ground out 4-3 (Groundball, 4MS)
|
Batting: LHB Greg Robinson
|
0-0: Ball 1-0: Swinging Strike 1-1: Foul Ball, location: 2F 1-2: Foul Ball, location: 2F 1-2: Ball 2-2: Strikes out swinging
|
Top of the 9th over - 0 run(s), 0 hit(s), 0 error(s), 0 left on base; Detroit 2 - New Amsterdam 4 |
|